Map: Odyssee LE

Players

Ghato

  • Race: Protoss Protoss
  • League: Diamond
  • Spawn Location: 11:00

anSka - Winner!

  • Race: Zerg Zerg
  • League: Diamond
  • Spawn Location: 5:00

VOD

https://youtu.be/5dhwPp0bq3I

Description

This is a replay of my build.
This build should work against any race, if executed properly.

Detailed build order, notes and analysis:

http://lotv.spawningtool.com/build/55370/

Have Fun! :)

Time

  • Played on: Aug. 11, 2017, 5:54 a.m.
  • Length: 5:48
Show
View Real Time Build Order
Export as new Build Order

Ghato Protoss 

Build Orders: 1 Gate Expand 

Get SALT Encoding   

  12  0:01  Probe (Chrono Boost)  
  13  0:11  Probe (Chrono Boost)  
  14  0:18  Pylon  
  14  0:22  Probe (Chrono Boost)  
  15  0:36  Probe (Chrono Boost)  
  15  0:39  Gateway  
  16  0:49  Probe (Chrono Boost), Assimilator  
  17  1:00  Probe (Chrono Boost)  
  18  1:11  Probe (Chrono Boost)  
  19  1:33  Nexus  
  19  1:35  Probe (Chrono Boost)  
  20  1:41  Cybernetics Core  
  20  1:53  Probe (Chrono Boost)  
  21  1:55  Assimilator  
  21  1:59  Pylon  
  21  2:06  Probe (Chrono Boost)  
  22  2:17  Probe (Chrono Boost)  
  22  2:18  Adept (Chrono Boost)  
  22  2:20  Warp Gate  
  25  2:34  Twilight Council  
  25  2:40  Probe  
  25  2:43  Adept (Chrono Boost)  
  28  2:51  Probe  
  28  2:52  Probe  
  30  3:01  Gateway  
  30  3:02  Probe  
  30  3:04  Probe  
  31  3:18  Robotics Facility  
  31  3:24  Mothership Core, Pylon  
  31  3:26  Probe  
  34  3:55  Stalker (Chrono Boost)  
  36  3:58  Stalker (Chrono Boost)  
  36  4:02  Dark Shrine  
  36  4:06  Pylon  
  36  4:11  Probe  
  36  4:12  Probe  
  36  4:16  Assimilator  
  36  4:50  Stalker  
  28  5:26  Probe  
  28  5:27  Probe  
  29  5:36  Probe  
Show
View Real Time Build Order
Export as new Build Order

anSka Zerg - Winner!

Build Orders: Hatch First 

Get SALT Encoding   

  12  0:01  Drone  
  13  0:12  Overlord  
  13  0:18  Drone  
  14  0:30  Drone x2  
  14  0:35  Drone  
  17  0:56  Hatchery  
  16  0:59  Drone x2  
  18  1:14  Spawning Pool  
  18  1:15  Drone  
  18  1:19  Extractor  
  18  1:20  Drone  
  18  1:28  Drone  
  19  1:40  Overlord  
  19  1:50  Drone  
  20  2:02  Queen, Roach Warren  
  20  2:06  Zergling x2  
  20  2:07  Queen  
  24  2:11  Zergling x2  
  24  2:15  Drone  
  26  2:20  Drone  
  26  2:22  Drone  
  28  2:30  Drone  
  29  2:37  Metabolic Boost  
  29  2:39  Drone  
  29  2:40  Overlord  
  29  2:43  Drone  
  31  2:55  Drone x2  
  33  3:03  Overlord  
  33  3:10  Drone  
  33  3:11  Roach x2  
  33  3:12  Roach  
  40  3:14  Overlord  
  40  3:26  Roach x4  
  48  3:35  Roach  
  48  3:37  Zergling x2  
  50  3:53  Zergling x14  
  57  4:03  Zergling x2  
  57  4:04  Zergling x2  
  57  4:06  Overlord  
  59  4:12  Overlord  
  59  4:21  Overlord  
  59  4:26  Zergling x4  
  59  4:27  Zergling x4  
  56  4:49  Roach x5  
  65  5:06  Spore Crawler  
  63  5:07  Spine Crawler  
  63  5:10  Spore Crawler  
  63  5:11  Spine Crawler  
Tags
 
Add a new tag
Caveats
  • Supply blocks, unpowered buildings, or Contaminate may cause inaccurate times.
  • Supply counts are checked every 10 seconds.